 Dungeon Crawl Stone Soup version 0.29.1-1-gd02db6906a (webtiles) character file.

Game seed: 14071913213133953143

2550 safid the Skirmisher (level 9, -4/69 HPs)
             Began as a Minotaur Hunter on Oct 12, 2022.
             Was a Priest of Okawaru.
             Killed by vampiric draining
             ... invoked by a vampire
              (14 damage)
             ... on level 7 of the Dungeon.
             The game lasted 00:10:19 (6457 turns).

safid the Skirmisher (Minotaur Hunter)              Turns: 6457, Time: 00:10:19

Health: -4/69      AC: 26    Str: 16    XL:     9   Next: 30%
Magic:  8/8        EV:  7    Int:  6    God:    Okawaru [***...]
Gold:   147        SH:  0    Dex: 18    Spells: 8/8 levels left

rFire   . . .      SeeInvis +   a - +0 shortbow
rCold   . . .      Faith    .   (shield currently unavailable)
rNeg    . . .      Spirit   .   n - +18 Lear's hauberk
rPois   .          Reflect  .   (helmet currently unavailable)
rElec   .          Harm     .   (no cloak)
rCorr   .          Rampage  .   (gloves currently unavailable)
Will    .....                   (boots currently unavailable)
Stlth   ..........              z - amulet of the acrobat
HPRegen 0.21/turn               s - ring of see invisible
MPRegen 0.11/turn               t - +4 ring of slaying

@: mighty
A: horns 2, retaliatory headbutt
a: Renounce Religion, Heroism


You were on level 7 of the Dungeon.
You worshipped Okawaru.
Okawaru was most pleased with you.
You visited 2 branches of the dungeon, and saw 8 of its levels.

You collected 422 gold pieces.
You spent 275 gold pieces at shops.

Inventory:

Hand Weapons
 a - a +0 shortbow (weapon)
Missiles
 r - a throwing net
 E - 5 javelins
Armour
 b - a +0 pair of gloves
 c - a +0 leather armour
 f - a +0 pair of boots
 n - the +18 Lear's hauberk (worn)
   (You found it on level 2 of the Dungeon)
 o - a +0 cloak
Jewellery
 p - a ring of resist corrosion
 s - a ring of see invisible (left hand)
 t - a +4 ring of slaying (right hand)
 y - a ring of positive energy
 z - an amulet of the acrobat (around neck)
Wands
 A - a wand of mindburst (14)
 F - a wand of flame (11)
 G - a wand of digging (7)
 I - a wand of polymorph (10)
 J - a wand of acid (7)
Scrolls
 g - 2 scrolls of enchant armour
 j - 3 scrolls of teleportation {unknown}
 q - 2 scrolls of noise {unknown}
 u - 3 scrolls of enchant weapon {unknown}
 w - a scroll of torment {unknown}
 C - a scroll of butterflies {unknown}
 H - 2 scrolls of blinking {unknown}
Potions
 d - a potion of cancellation {unknown}
 e - 2 potions of might
 h - 4 potions of attraction {unknown}
 i - a potion of degeneration {unknown}
 l - 5 potions of brilliance {unknown}
 v - a potion of mutation {unknown}
 x - 2 potions of resistance
 B - 3 potions of flight
 D - a potion of curing


   Skills:
 - Level 3.0 Fighting
 + Level 14.2 Ranged Weapons
 - Level 2.1 Dodging
 - Level 0.7 Stealth


You had 8 spell levels left.
You didn't know any spells.
Your spell library contained the following spells:

 Spells                   Type           Power      Damage    Failure   Level
 Apportation              Tloc           0%         N/A       100%        1
 Beastly Appendage        Tmut           0%         N/A       100%        1
 Shock                    Conj/Air       0%         1d3       100%        1
 Wereblood                Tmut           0%         N/A       100%        2
 Ozocubu's Armour         Ice            0%         N/A       100%        3
 Spider Form              Tmut/Pois      0%         N/A       100%        3
 Swiftness                Air            0%         N/A       100%        3
 Airstrike                Air            0%         2d(0-16)  100%        4
 Hailstorm                Conj/Ice       0%         3d3       100%        4
 Ice Form                 Ice/Tmut       0%         N/A       100%        4
 Alistair's Intoxication  Tmut/Pois      0%         N/A       100%        5
 Ozocubu's Refrigeration  Ice            0%         4d7       100%        7
 Simulacrum               Ice/Necr       Unusable   N/A       N/A         6

Dungeon Overview and Level Annotations

Branches:
Dungeon (7/15)             Temple (1/1) D:4

Altars:
Ashenzari
Dithmenos
Elyvilon
Gozag
Hepliaklqana
Kikubaaqudgha
Makhleb
Nemelex Xobeh
Okawaru
Qazlal
Ru
Sif Muna
Trog
Uskayaw
Vehumet
Wu Jian
Xom
Zin

Shops:
D:2 !

Annotations:
D:5 3 runed translucent doors, Zeld's ghost, novice MiBe; hawla's ghost, novice MeFE


Innate Abilities, Weirdness & Mutations

You have a pair of horns on your head.
You reflexively headbutt those who attack you in melee.


Message History

The vampire hits you but does no damage.
The vampire bites you but does no damage.
Fire: a) +0 shortbow
Press: ? - help, Q - select action, (/) - cycle Shift-Dir - straight line, f/p - vampire
Aim: a vampire (severely damaged, slightly transparent, 72% to hit)
You shoot an arrow.
The arrow hits the vampire but does no damage.
The vampire is severely damaged.
The vampire hits you but does no damage.
The vampire barely misses you.
The vampire hits you but does no damage.
The vampire bites you but does no damage.
Fire: a) +0 shortbow
Press: ? - help, Q - select action, (/) - cycle Shift-Dir - straight line, f/p - vampire
Aim: a vampire (heavily damaged, slightly transparent, 72% to hit)
You shoot an arrow. The arrow barely misses the vampire.
The vampire hits you but does no damage.
The vampire bites you but does no damage.
Fire: a) +0 shortbow
Press: ? - help, Q - select action, (/) - cycle Shift-Dir - straight line, f/p - vampire
Aim: a vampire (heavily damaged, slightly transparent, 72% to hit)
You shoot an arrow. The arrow closely misses the vampire.
The vampire barely misses you. x2
Unknown command.
Fire: a) +0 shortbow
Press: ? - help, Q - select action, (/) - cycle Shift-Dir - straight line, f/p - vampire
Aim: a vampire (heavily damaged, slightly transparent, 72% to hit)
You shoot an arrow. The arrow hits the vampire.
The vampire is severely damaged.
The vampire hits you but does no damage.
The vampire bites you.
* * * LOW HITPOINT WARNING * * *
The vampire draws strength from your injuries!
Fire: a) +0 shortbow
Press: ? - help, Q - select action, (/) - cycle Shift-Dir - straight line, f/p - vampire
Aim: a vampire (severely damaged, slightly transparent, 72% to hit)
You shoot an arrow. The arrow hits the vampire.
The vampire is severely damaged.
The vampire draws life force from you!
You die...

#.......# #....... #
#....... ## #.?.....
###. #......#
#########..# #......##
##.........##
#....V!.#
#..........##
#....@.###...........#
#####...##............
#..................
#..######...........
#.## ###........# ##
##########


You could see a vampire.

Vanquished Creatures
  Pikel (D:7)
  Prince Ribbit (D:5)
  2 water moccasins (D:6)
  A sky beast (D:7)
  A black bear (D:7)
  A lemure (D:7)
  3 bullfrogs
  A necrophage (D:7)
  A scorpion (D:4)
  7 wights (D:7)
  3 centaur zombies (D:7)
  A bullfrog zombie (D:7)
  7 hounds
  A human zombie (D:7)
  A gnoll bouda (D:5)
  Ijyb (D:5)
  An iguana (D:6)
  An orc wizard (D:6)
  A killer bee zombie (D:7)
  2 mummies (D:7)
  15 gnolls
  6 adders
  2 shadow imps (D:5)
  4 white imps
  2 ufetubi
  2 worms (D:3)
  A dart slug (D:1)
  3 orcs
  8 bats
  6 endoplasms
  5 giant cockroaches
  5 goblins
  4 hobgoblins
  6 jackals
  6 kobolds
  4 quokkas
  7 ball pythons
  A frilled lizard (D:2)
  5 rats
130 creatures vanquished.

Vanquished Creatures (others)
  10 fungi (D:5)
  6 withered plants (D:5)
16 creatures vanquished.

Grand Total: 146 creatures vanquished

Notes
Turn   | Place    | Note
-------+----------+-------------------------------------------
     0 | D:1      | safid the Minotaur Hunter began the quest for the Orb.
     0 | D:1      | Reached XP level 1. HP: 18/18 MP: 0/0
    72 | D:1      | Found a faded altar of an unknown god.
   143 | D:1      | Reached XP level 2. HP: 23/26 MP: 1/1
   401 | D:1      | Reached skill level 5 in Ranged Weapons
   647 | D:2      | Reached XP level 3. HP: 31/31 MP: 2/2
   665 | D:2      | Found Virasyha's Distillery.
   799 | D:2      | Bought a potion of heal wounds for 55 gold pieces
   818 | D:2      | Found the +18 Lear's hauberk
   973 | D:2      | Reached XP level 4. HP: 38/38 MP: 3/3
  1242 | D:2      | Reached skill level 6 in Ranged Weapons
  1799 | D:3      | Noticed an earth elemental
  1802 | D:3      | Found a stormy altar of Qazlal.
  1804 | D:3      | Noticed an air elemental
  1804 | D:3      | Noticed a water elemental
  1804 | D:3      | Noticed a fire elemental
  2131 | D:3      | Reached XP level 5. HP: 30/45 MP: 4/4
  2136 | D:3      | Reached skill level 7 in Ranged Weapons
  2450 | D:4      | Found a shimmering altar of Xom.
  2577 | D:4      | Found a staircase to the Ecumenical Temple.
  2656 | Temple   | Entered the Ecumenical Temple
  2677 | Temple   | Became a worshipper of Warmaster Okawaru
  2786 | D:4      | Reached XP level 6. HP: 51/51 MP: 5/5
  2838 | D:5      | Entered Level 5 of the Dungeon
  2838 | D:5      | Found a hazy altar of Hepliaklqana.
  2838 | D:5      | Found a shimmering blue altar of Sif Muna.
  2878 | D:5      | Reached skill level 8 in Ranged Weapons
  2911 | D:5      | Noticed Prince Ribbit
  2920 | D:5      | Killed Prince Ribbit
  2920 | D:5      | Reached * piety under Okawaru
  2921 | D:5      | Reached skill level 9 in Ranged Weapons
  2926 | D:5      | Reached XP level 7. HP: 51/57 MP: 6/6
  3531 | D:5      | Found a sacrificial altar of Ru.
  3675 | D:5      | Found a runed translucent gate.
  3676 | D:5      | Found a runed translucent gate.
  3676 | D:5      | Found a runed translucent gate.
  3677 | D:5      | Noticed hawla's ghost (novice MeFE)
  3677 | D:5      | Noticed Zeld's ghost (novice MiBe)
  3750 | D:5      | Noticed Ijyb
  3758 | D:5      | Killed Ijyb
  3759 | D:5      | Reached skill level 10 in Ranged Weapons
  4051 | D:2      | Bought a potion of resistance for 110 gold pieces
  4051 | D:2      | Bought a potion of flight for 33 gold pieces
  4051 | D:2      | Bought a potion of might for 44 gold pieces
  4051 | D:2      | Bought a potion of curing for 33 gold pieces
  4212 | D:6      | Reached ** piety under Okawaru
  4427 | D:6      | Reached XP level 8. HP: 32/63 MP: 7/7
  4695 | D:6      | Reached skill level 11 in Ranged Weapons
  5051 | D:6      | Found a sparkling altar of Nemelex Xobeh.
  5417 | D:7      | Reached skill level 12 in Ranged Weapons
  5599 | D:7      | Found an ancient bone altar of Kikubaaqudgha.
  5721 | D:7      | Reached *** piety under Okawaru
  5898 | D:7      | Reached skill level 13 in Ranged Weapons
  5982 | D:7      | Found a shadowy altar of Dithmenos.
  6015 | D:7      | Noticed Pikel
  6016 | D:7      | Reached XP level 9. HP: 69/69 MP: 8/8
  6044 | D:7      | Killed Pikel
  6045 | D:7      | Reached skill level 14 in Ranged Weapons
  6457 | D:7      | Killed from afar by a vampire

Illustrated notes

Levels and vault maps discovered:
D:1:      nicolae_arrival_memento_mori, layout_rooms,
          hellmonk_ecumenical_altar_arch_garden, nicolae_titane
D:2:      layout_basic, serial_forest, infiniplex_forest_lined_1,
          infiniplex_forest_straight_3, infiniplex_forest_lined_3_way,
          infiniplex_forest_lined_2, serial_shops, shop
D:3:      layout_basic, nicolae_qazlal_style_of_elements
D:4:      layout_rooms, tgw_xom, minmay_temple_entry_glassed_door
D:5:      layout_basic, nicolae_ru_great_annihilating_truth,
          mainiacjoe_overflow_catch_the_wave, gammafunk_ghost_cemetery,
          uniq_ijyb, uniq_prince_ribbit1
D:6:      layout_loops_ring, nemelex_spade_bored_becter, st_stairs_8,
          wad_floor_pattern_untrapped
D:7:      layout_cave_pods, lemuel_mausoleum_altar_kikubaaqudgha,
          mainiacjoe_overflow_boulevard, uniq_pikel
Temple:   nicolae_temple_ecumenical_triangle

Skill      XL: |  1  2  3  4  5  6  7  8  9 |
---------------+----------------------------+-----
Fighting       | 3 |  3.0
Ranged Weapons | 5 6 7 9 10 13 14 | 14.2
Dodging        | |  2.1
Stealth        | |  0.7

Action                   |  1- 3 |  4- 6 |  7- 9 || total
-------------------------+-------+-------+-------++-------
 Fire: Shortbow          |    81 |   162 |   270 ||   513
  Use: Scroll            |       |       |     3 ||     3
       Potion            |       |       |     4 ||     4
Armor: Leather armour    |     9 |       |       ||     9
       Chain mail        |       |   108 |   275 ||   383
Dodge: Dodged            |    26 |    60 |   103 ||   189
